AoeStats
← EXIL_DRC

Black Forest

508780028Analyzed
4v4 RM · 8d ago on Sep 24, 2026· 58m 26s· 8 players
Game mode
Random Map
Map size
Large (8 player)
Population
200
Speed
Normal
Resources
Standard
Victory
Conquest
Starting age
Dark Age
Ending age
Imperial Age
RankedLock teamsTeams togetherTeam positionsShared explorationLock speedFull tech treeHidden civsTurbo modeCheats
Victory
Defeat
🇦🇷 Danes · Argentina
1076
+15
🇦🇷 Bohemians · Argentina
1065
+16
🇺🇸 Koreans · United States
1013
+18
🇺🇸 Persians · United States
976
+19
🇨🇴 Saracens · Colombia
1149
-21
🇨🇴 Danes · Colombia
1110
-19
🇦🇷 Vietnamese · Argentina
1005
-15
🇲🇽 Persians · Mexico
963
-13
EXILS_FABIOMAGNO_
1:20 Loom
10:44 Feudal Age
16:53 Castle Age
15:53 Double-Bit Axe
15:54 Horse Collar
17:22 Fishing Lines
20:01 Bow Saw
20:30 Caravan
21:09 Gold Mining
24:21 Wheelbarrow
23:32 Town Watch
26:02 Hand Cart
27:37 Crossbowman
28:22 Thumb Ring
28:15 Gillnets
29:02 Thumb Ring
29:57 Heavy Plow
34:36 Imperial Age
32:12 Town Patrol
34:48 Fletching
34:58 Padded Archer Armor
35:21 Onager
35:58 Arbalester
36:38 Bodkin Arrow
36:59 Leather Archer Armor
37:54 Chemistry
37:15 Ballistics
36:51 Murder Holes
37:43 Bracer
38:45 Two-Man Saw
38:50 Ring Archer Armor
39:21 Forging
39:12 Scale Mail Armor
39:17 Scale Barding Armor
40:15 Fortified Wall
41:01 Conscription
40:52 Bimaristan
40:53 Counterweights
40:16 Elite Mameluke
43:04 Bloodlines
42:15 Heavy Camel Rider
42:55 Husbandry
51:40 Iron Casting
51:21 Chain Mail Armor
50:54 Pikeman
51:35 Squires
54:27 Blast Furnace
54:08 Plate Mail Armor
EXILS_POLLO
7:50 Loom
10:27 Feudal Age
17:07 Castle Age
16:47 Double-Bit Axe
16:43 Horse Collar
16:58 Gold Mining
19:31 Bow Saw
20:05 Heavy Plow
25:37 Wheelbarrow
27:05 Hand Cart
26:35 Town Watch
33:17 Imperial Age
32:34 Caravan
33:48 Gold Shaft Mining
33:04 Stone Mining
33:26 Onager
34:21 Northmen's Fury
35:24 Conscription
35:12 Pikeman
35:53 Squires
35:38 Arson
35:39 Gambesons
37:03 Stone Shaft Mining
35:58 Siege Onager
36:09 Hamask
38:57 Chemistry
39:00 Siege Engineers
39:17 Ballistics
38:35 Capped Ram
38:40 Halberdier
40:39 Forging
40:30 Scale Mail Armor
40:21 Fletching
40:31 Padded Archer Armor
40:07 Siege Ram
41:15 Heavy Scorpion
41:52 Elite Varangian Guard
43:17 Iron Casting
42:57 Chain Mail Armor
43:05 Elite Jomsviking
45:00 Masonry
44:41 Guard Tower
44:19 Man-at-Arms
46:38 Long Swordsman
48:30 Blast Furnace
48:00 Plate Mail Armor
47:27 Bodkin Arrow
EXIL_DRC
7:58 Loom
10:29 Feudal Age
17:04 Castle Age
18:04 Double-Bit Axe
19:16 Bow Saw
19:50 Gold Mining
19:45 Horse Collar
22:07 Heavy Plow
23:39 Wheelbarrow
27:00 Hand Cart
30:51 Imperial Age
29:05 Forging
29:01 Scale Barding Armor
30:32 Ballistics
30:51 Iron Casting
30:29 Bloodlines
30:19 Husbandry
30:34 Cavalier
31:06 Town Watch
34:10 Bow Saw
34:57 Gold Shaft Mining
34:13 Stone Mining
35:18 Padded Archer Armor
35:09 Fletching
36:25 Chemistry
35:18 Guard Tower
35:39 Masonry
37:10 Kamandaran
37:31 Conscription
36:48 Heavy Camel Rider
37:53 Light Cavalry
39:36 Blast Furnace
39:20 Citadels
39:35 Elite War Elephant
42:20 Crop Rotation
42:34 Chain Barding Armor
44:10 Hussar
47:45 Leather Archer Armor
47:26 Bodkin Arrow
48:10 Architecture
47:36 Murder Holes
52:19 Savar
Tosqui
0:30 Loom
12:40 Feudal Age
12:48 Man-at-Arms
13:24 Double-Bit Axe
20:22 Castle Age
18:35 Gold Mining
20:14 Stone Mining
20:41 Horse Collar
24:50 Fletching
25:58 Bodkin Arrow
28:03 Town Watch
30:26 Wheelbarrow
34:19 Imperial Age
33:28 Ballistics
33:27 Bow Saw
34:22 Hand Cart
34:51 Heavy Plow
36:20 Chemistry
36:59 Caravan
38:19 Scale Barding Armor
38:19 Husbandry
39:42 Paper Money
40:33 Thumb Ring
41:39 Treadmill Crane
42:03 Elite Skirmisher
44:05 Two-Man Saw
43:24 Bracer
43:25 Imperial Skirmisher
44:31 Careening
44:20 Murder Holes
44:57 Padded Archer Armor
45:46 Light Cavalry
46:37 Bloodlines
46:54 Leather Archer Armor
46:50 Forging
47:00 Chain Barding Armor
47:34 Siege Engineers
49:53 Iron Casting
49:18 Scale Mail Armor
49:49 Ring Archer Armor
51:19 Elite Battle Elephant
52:36 Plate Barding Armor
52:32 Squires
54:25 Crop Rotation
54:45 Arson
55:34 Elite Rattan Archer
Tio Nacho
10:56 Feudal Age
11:46 Feudal Age
13:11 Wheelbarrow
17:33 Castle Age
15:41 Double-Bit Axe
18:24 Bow Saw
21:11 Fishing Lines
23:14 Hand Cart
29:34 Gillnets
30:53 Stone Mining
30:56 Gold Mining
32:10 Stone Shaft Mining
32:17 Gold Shaft Mining
35:46 Imperial Age
33:05 Town Watch
33:05 Loom
34:18 Coinage
34:26 Scale Mail Armor
34:58 Hamask
36:02 Chain Mail Armor
37:16 Conscription
36:19 Northmen's Fury
36:26 Capped Ram
36:40 Elite Varangian Guard
37:22 Squires
37:10 Arson
38:01 Plate Mail Armor
37:58 Siege Ram
39:41 Town Patrol
42:05 Forging
45:35 Elite Jomsviking
48:34 Iron Casting
52:45 Banking
54:30 Caravan
56:37 Blast Furnace
Mauribruno
0:28 Loom
11:49 Feudal Age
17:51 Castle Age
16:57 Double-Bit Axe
17:33 Fishing Lines
25:59 Gillnets
26:32 Bow Saw
27:27 Wheelbarrow
30:38 Imperial Age
28:57 Scale Mail Armor
28:48 Horse Collar
29:18 Pikeman
29:44 Arson
30:00 Squires
30:18 Caravan
31:21 Chain Mail Armor
32:27 Chemistry
31:25 Halberdier
32:26 Heavy Plow
32:56 Town Watch
34:25 Hand Cart
35:15 Coinage
35:55 Forging
36:15 Plate Mail Armor
37:04 Two-Man Saw
36:37 Houfnice
38:51 Conscription
39:43 Banking
40:07 Iron Casting
43:04 Siege Engineers
52:05 Blast Furnace
52:54 Town Patrol
KnicksIn5
11:32 Feudal Age
15:13 Castle Age
13:28 Double-Bit Axe
22:32 Horse Collar
24:29 Wheelbarrow
26:49 Bow Saw
29:14 Imperial Age
28:11 Gold Mining
28:13 Stone Mining
28:31 Heavy Plow
28:56 Husbandry
29:07 Bloodlines
29:05 Scale Barding Armor
29:02 Scale Mail Armor
29:38 Hand Cart
29:10 Loom
30:52 Crop Rotation
32:48 Two-Man Saw
33:27 Chain Barding Armor
33:49 Conscription
32:51 Elite War Elephant
36:04 Plate Barding Armor
35:41 Forging
39:48 Iron Casting
42:18 Blast Furnace
51:04 Citadels
51:33 Hoardings
RecedingWoodLine
0:44 Loom
14:44 Feudal Age
17:51 Fletching
18:01 Double-Bit Axe
20:27 Horse Collar
26:26 Castle Age
27:50 Bodkin Arrow
28:00 Crossbowman
32:09 Thumb Ring
34:14 Eupseong
50:37 Ballistics
58:29 Wheelbarrow
Connection lost

Rejoining the realm…

Still unreachable

The connection could not be restored.

Session expired

The server has moved on; the page needs a fresh start.